 Seeded DCSS version 0.30-a0-605-gb2882149bf (webtiles) character file.

Game seed: 7827810942158885341 (custom seed)

142 valliere the Ruffian (level 5, -5/61 HPs)
             Began as a Draconian Transmuter on Jan 7, 2023.
             Killed by divine providence
             ... invoked by an orc priest
              (8 damage)
             ... on level 3 of the Dungeon.
             The game lasted 00:04:24 (1859 turns).

valliere the Ruffian (Draconian Transmuter)         Turns: 1859, Time: 00:04:24

Health: -5/61      AC: 22    Str: 14    XL:     5   Next: 4%
Magic:  8/8        EV:  2    Int: 14    God:
Gold:   200        SH:  3    Dex: 11    Spells: 8/9 levels left

rFire   + . .      SeeInvis .      - Unarmed
rCold   . . .      Faith    .    d - +0 buckler
rNeg    . . .      Spirit   .    (body armour unavailable)
rPois   +          Reflect  .    (helmet currently unavailable)
rElec   .          Harm     .    (cloak currently unavailable)
rCorr   .          Rampage  .    (gloves currently unavailable)
Will    .....      NoTele   +    (boots currently unavailable) Stlth
                                 (no amulet)
HPRegen 0.30/turn                f - +5 ring of evasion
MPRegen 0.11/turn                j - ring of protection from fire

@: lethally poisoned (-5 -> -14), tree-form, silenced
A: stationary, stasis, torment immunity, boosted hp, AC +5, unfitting armour,
(cold-blooded)
a: no special abilities


You were on level 3 of the Dungeon.
You were a tree.
You visited 1 branch of the dungeon, and saw 3 of its levels.

You collected 200 gold pieces.

Inventory:

Missiles
 n - 4 javelins
 t - a throwing net
Armour
 d - a +0 buckler (worn)
Jewellery
 f - a +5 ring of evasion (left branch)
 j - a ring of protection from fire (right branch)
Scrolls
 b - a scroll of enchant armour {unknown}
 e - 2 scrolls of magic mapping
 i - a scroll of noise {unknown}
 o - a scroll of identify
 p - a scroll of amnesia {unknown}
 q - a scroll of acquirement
 r - a scroll of poison {unknown}
Potions
 a - a potion of lignification
 c - 3 potions of heal wounds {unknown}
 g - a potion of flight {unknown}
 h - a potion of haste {unknown}
 k - a potion of might {unknown}
 m - a potion of brilliance {unknown}
 s - 2 potions of curing {unknown}


   Skills:
 + Level 2.3 Fighting
 + Level 2.5 Dodging
 * Level 4.1 Unarmed Combat
 + Level 2.6 Spellcasting
 + Level 2.7 Transmutations


You had 8 spell levels left.
You knew the following spells:

 Your Spells              Type           Power      Damage    Failure   Level
a - Beastly Appendage     Tmut           18%        N/A       10%         1

Your spell library contained the following spells:

 Spells                   Type           Power      Damage    Failure   Level
 Wereblood                Tmut           9%         N/A       14%         2
 Spider Form              Tmut/Pois      5%         N/A       45%         3
 Ice Form                 Ice/Tmut       5%         N/A       86%         4


Dungeon Overview and Level Annotations

Branches:
Dungeon (3/15)

Altars:

Shops:
D:2 =


Innate Abilities, Weirdness & Mutations

You are a tree.
Your roots penetrate the ground, keeping you stationary.
You cannot be teleported.
You are immune to unholy pain and torment.
Your maximum health is greatly increased.
Your equipment is partially melded.
((Your plain brown scales are hard. (AC +5)))
You cannot fit into any form of body armour.
((You are cold-blooded and may be slowed by cold attacks.))


Message History

The orc priest is severely wounded.
The orc priest misses you.
You hit the orc priest.
The orc priest is almost dead.
The orc priest barely misses you.
You hit the orc priest.
You kill the orc priest!
You have reached level 5!
You hit the orc priest.
The orc priest is moderately wounded.
You closely miss the orc. You hit the orc.
The orc is almost dead.
The orc barely misses you.
You closely miss the orc.
The orc is almost dead.
The orc closely misses you.
You closely miss the orc.
The orc is almost dead.
The orc barely misses you.
The orc priest casts a cantrip, but nothing happens.
You hit the orc.
You kill the orc!
You hit the orc priest.
The orc priest is moderately wounded.
The orc priest closely misses you.
You closely miss the orc priest.
The orc priest is moderately wounded.
The orc priest hits you with a +2 short sword of venom.
* * * LOW HITPOINT WARNING * * *
You are lethally poisoned!
Really quaff the potion of lignification?
Okay, then.
Really quaff the potion of lignification?
You turn into a tree.
Your roots penetrate the ground.
* * * LOW HITPOINT WARNING * * *
You feel very sick.
The orc priest mumbles some strange prayers to Beogh against you.
Beogh smites you!
You die...

**,,........)# *,# #...# #<#
**,,.....###.####.## #...#
#.#
,,,,.....###.......#**#...#
#.#*
**,,.................,....#
#.#,
**,#.######.#####.#.#....#
#.#, *,*,,* #.# *,*,#.#.##
#.#, *,*,,* #.# *,#,*,*,*
*,,, *,*,,* #.#####.#.#.#,*
*,,, *,*,,* #....♣o......,*
*,,,
*,*,,****#.#####.#.#..****
*,,,
*,*,,*,,....,,,,,..,,,,,,*
*,,,
*,*,,,,###.##***,,...,**,*
***, *,*,,*,**#.#
*,,,,...**,*****,
*,*,***,*#.#
**,,,,..**,,,,,,, *,,**
**,..# *,,,,*.,,,,,,,,,
***,***,*###
**,*,***********,
*,,*,********,*,>**********,,


You could see an orc priest.

Vanquished Creatures
  An orc priest (D:3)
  3 gnolls (D:2)
  2 adders
  2 dart slugs
  6 orcs
  5 bats
  5 endoplasms (D:1)
  A giant cockroach (D:1)
  5 goblins
  7 hobgoblins
  2 jackals (D:2)
  3 kobolds
  2 quokkas
  7 ball pythons
51 creatures vanquished.

Notes
Turn   | Place    | Note
-------+----------+-------------------------------------------
     0 | D:1      | valliere the Draconian Transmuter began the quest for the
                  | Orb.
     0 | D:1      | Reached XP level 1. HP: 16/16 MP: 3/3
   132 | D:1      | Reached XP level 2. HP: 23/23 MP: 3/5
   642 | D:1      | Reached XP level 3. HP: 28/28 MP: 4/6
  1085 | D:2      | Found Gatoir's One-of-a-Kind Rings.
  1395 | D:2      | Reached XP level 4. HP: 33/36 MP: 5/7
  1832 | D:3      | Reached skill level 4 in Unarmed Combat
  1836 | D:3      | Identified a scroll of acquirement
  1851 | D:3      | Reached XP level 5. HP: 4/41 MP: 8/8
  1859 | D:3      | HP: 3/61 [poisoned by an orc priest]
  1859 | D:3      | Killed from afar by an orc priest

Illustrated notes

Levels and vault maps discovered:
D:1:      shiori_arrival_maze, layout_loops_ring
D:2:      layout_loops_ring, nicolae_shop_unique_rings, dreamdust_wishing_well,
          dk_noncrumbling_4, st_stairs_14
D:3:      layout_loops_ring, shapermc_ecumenical_altar_mp_ritualfount

Skill      XL: |  1  2  3  4 |
---------------+-------------+-----
Dodging        | 2 |  2.5
Fighting       | 2 |  2.3
Unarmed Combat | 4 |  4.1
Spellcasting   | |  2.6
Transmutations | |  2.7

Action                   |  1- 3 |  4- 6 || total
-------------------------+-------+-------++-------
Melee: Unarmed           |   112 |    56 ||   168
       Kick              |    14 |     5 ||    19
       Tailslap          |    10 |     6 ||    16
       Headbutt          |     8 |     5 ||    13
 Cast: Beastly Appendage |    21 |     5 ||    26
  Use: Scroll            |       |     3 ||     3
       Potion            |       |     1 ||     1
 Stab: Sleeping          |     1 |       ||     1
Armor: Skin              |    27 |     5 ||    32
Dodge: Dodged            |    83 |    39 ||   122
Block: Buckler           |    18 |     3 ||    21

Table legend: (Time is in decaauts)
 A = Elapsed time spent in this place.
 B = Non-inter-level travel time spent in this place.
 C = Inter-level travel time spent in this place.
 D = Time resting spent in this place.
 E = Time spent auto-exploring this place.
 F = Levels seen in this place.
 G = Mean time per level.
                   A        B        C        D        E       F      G
               +--------+--------+--------+--------+--------+-----+--------+
         Total |   1853 |   1789 |     64 |      0 |   1416 |   3 |  617.7 |
       Dungeon |   1853 |   1789 |     64 |      0 |   1416 |   3 |  617.7 |
               +--------+--------+--------+--------+--------+-----+--------+

Top non-repeatable levels by time:
     D:1: 946 daAuts
     D:2: 787 daAuts
     D:3: 119 daAuts
